 Dungeon Crawl Stone Soup version 0.20.2-3-g29329e0561 (webtiles) character file.

353 Alfie the Shooter (level 6, 0/51 HPs)
             Began as a Minotaur Hunter on July 2, 2020.
             Slain by a worker ant (4 damage)
             ... on level 4 of the Dungeon.
             The game lasted 00:12:19 (2283 turns).

Alfie the Shooter (Minotaur Hunter)                 Turns: 2283, Time: 00:12:19

Health: 0/51       AC:  4    Str: 18    XL:     6   Next: 35%
Magic:  5/5        EV: 12    Int:  8    God:
Gold:   230        SH:  0    Dex: 11    Spells: 5/5 levels left

rFire    . . .     SeeInvis .   b - +1 short sword
rCold    . . .     Gourm    .   (no shield)
rNeg     . . .     Faith    .   c - +1 leather armour
rPois    .         Spirit   .   (helmet restricted)
rElec    .         Reflect  .   (no cloak)
rCorr    .         Harm     .   (no gloves)
MR       .....                  (no boots)
Stlth    +.........             (no amulet)
Regen    0.2/turn               (no ring)
MPRegen  0.1/turn               (no ring)

@: lethally poisoned (0 -> -6)
A: retaliatory headbutt, horns 2
a: no special abilities


You were on level 4 of the Dungeon.
You were not hungry.

You visited 1 branch of the dungeon, and saw 4 of its levels.

You collected 230 gold pieces.

Inventory:

Hand Weapons
 a - a +2 shortbow
 b - a +1 short sword (weapon)
Missiles
 d - 66 arrows
Armour
 c - a +1 leather armour (worn)
Wands
 e - a wand of disintegration (10/24)
Scrolls
 g - 2 scrolls of identify
 i - 2 scrolls of fog
 l - 2 scrolls of enchant armour
 t - 2 scrolls of teleportation
Potions
 o - a potion of cancellation {unknown}
 p - 2 potions of haste {unknown}
 q - a potion of agility {unknown}
Comestibles
 f - 5 bread rations
 h - a royal jelly
 j - a fruit
 m - a meat ration


   Skills:
 + Level 3.3 Fighting
 + Level 2.2 Short Blades
 + Level 6.7 Bows
 + Level 2.6 Armour
 + Level 3.1 Dodging
 + Level 1.1 Stealth


You had 5 spell levels left.
You didn't know any spells.

Dungeon Overview and Level Annotations

Branches:
Dungeon (4/15)
 Temple: D:4-7

Altars:
Dithmenos
Makhleb
Trog

Shops:
D:4 %=


Innate Abilities, Weirdness & Mutations

You reflexively headbutt those who attack you in melee.
You have a pair of horns on your head.


Message History

You barely miss the worker ant.
The worker ant is lightly wounded.
* * * LOW HITPOINT WARNING * * *
You feel sick. The worker ant bites you.
* * * LOW HITPOINT WARNING * * *
You are more poisoned.
The worker ant poisons you!
You feel better. The worker ant closely misses you.
The worker ant bites you but does no damage.
You hit the worker ant but do no damage.
The worker ant is lightly wounded.
The worker ant bites you.
* * * LOW HITPOINT WARNING * * *
You are lethally poisoned!
The worker ant poisons you!
You hit the worker ant.
The worker ant is heavily wounded.
* * * LOW HITPOINT WARNING * * *
You feel sick. The worker ant bites you.
You die...

#.. #.### #.#.# #
#.#.#.### #.......W
#........ #.###.#$#
##)a.# #
#.@###.###.#
#...........
#........... ..
#..###.###.# .#
#....#.#.#.# .#
#..###.#.#.###.#
#..............##
#.##.###........###
#.........#........


You could see a worker ant.

Vanquished Creatures
  The ghost of Alfie the Shooter, an amateur MiHu (D:4)
  A worker ant (D:4)
  7 adders
  4 oozes (D:1)
  4 worms
  3 dart slugs (D:1)
  A leopard gecko (D:2)
  3 orcs (D:3)
  4 giant cockroaches
  9 goblins
  11 hobgoblins
  4 jackals (D:3)
  5 quokkas
  13 bats
  2 frilled lizards
  11 kobolds
  8 rats
  A plant (D:3)
92 creatures vanquished.

Notes
Turn   | Place    | Note
-------+----------+-------------------------------------------
     0 | D:1      | Alfie the Minotaur Hunter began the quest for the Orb.
     0 | D:1      | Reached XP level 1. HP: 18/18 MP: 0/0
    85 | D:1      | Reached XP level 2. HP: 21/25 MP: 1/1
   130 | D:1      | Reached skill level 5 in Bows
   199 | D:1      | Reached XP level 3. HP: 30/30 MP: 2/2
   493 | D:2      | Found a bloodstained altar of Trog.
   536 | D:2      | Found a shadowy altar of Dithmenos.
   656 | D:2      | Reached XP level 4. HP: 29/37 MP: 3/3
   777 | D:2      | Reached skill level 6 in Bows
   865 | D:2      | Reached skill level 1 in Armour
  1381 | D:3      | Found a burning altar of Makhleb.
  1411 | D:3      | Reached skill level 1 in Stealth
  1470 | D:3      | Found a faded altar of an unknown god.
  1591 | D:3      | Reached XP level 5. HP: 44/44 MP: 4/4
  2106 | D:4      | Found Innumnez's Jewellery Emporium.
  2108 | D:4      | Found Ycacril's Food Shop.
  2139 | D:4      | Reached skill level 1 in Short Blades
  2230 | D:4      | Noticed Alfie's ghost (amateur MiHu)
  2275 | D:4      | Killed Alfie's ghost
  2275 | D:4      | Reached XP level 6. HP: 13/51 MP: 5/5
  2283 | D:4      | Slain by a worker ant

Skill      XL: |  1  2  3  4  5 |
---------------+----------------+-----
Bows           | 5 6 |  6.7
Armour         | 1 2 |  2.6
Stealth        | 1 |  1.1
Fighting       | 3 |  3.3
Short Blades   | 2 |  2.2
Dodging        | 3 |  3.1

Action                   |  1- 3 |  4- 6 || total
-------------------------+-------+-------++-------
Melee: Short sword       |    15 |   138 ||   153
       Headbutt          |     4 |    24 ||    28
 Fire: Shortbow          |    61 |    65 ||   126
  Use: Potion            |     3 |     5 ||     8
       Scroll            |     1 |     9 ||    10
 Stab: Sleeping          |       |     2 ||     2
  Eat: Royal jelly       |       |     1 ||     1
       Bread ration      |       |     1 ||     1
Armor: Leather armour    |     5 |    44 ||    49
Dodge: Dodged            |    19 |   103 ||   122
